 Dungeon Crawl Stone Soup version 0.25-a0-690-g234afa57d4 (webtiles) character file.

Game seed: 6442938605416123885, levelgen mode: deterministic

545 kae the Ruffian (level 7, -3/68 HPs)
             Began as a White Draconian Transmuter on Mar 30, 2020.
             Slain by Grinder (6 damage)
             ... on level 4 of the Dungeon.
             The game lasted 00:02:57 (3323 turns).

kae the Ruffian (White Draconian Transmuter)        Turns: 3323, Time: 00:02:58

Health: -3/68      AC:  5    Str: 13    XL:     7   Next: 6%
Magic:  8/12       EV: 10    Int: 15    God:
Gold:   110        SH:  0    Dex: 11    Spells: 2/12 levels left

rFire    x . .     SeeInvis .     - Unarmed
rCold    + + +     Gourm    .   (shield currently unavailable)
rNeg     . . .     Faith    .   (armour unavailable)
rPois    +         Spirit   .   (helmet currently unavailable)
rElec    .         Reflect  .   (cloak currently unavailable)
rCorr    .         Harm     .   (gloves currently unavailable)
MR       .....                  (boots currently unavailable)
Stlth    +.........             (no amulet)
HPRegen  0.21/turn              (no ring)
MPRegen  0.13/turn              (no ring)

@: ice-form
A: large, (breathe frost), unfitting armour, AC +6
a: End Transformation


You were on level 4 of the Dungeon.
You were very hungry.
You were a creature of crystalline ice.
You visited 1 branch of the dungeon, and saw 4 of its levels.

You collected 110 gold pieces.

Inventory:

Missiles
 a - 56 arrows
Scrolls
 b - a scroll of remove curse {unknown}
 d - 7 scrolls of teleportation {unknown}
 f - 3 scrolls of identify {unknown}
 j - a scroll of enchant armour {unknown}
Potions
 e - 2 potions of cancellation {unknown}
 g - 2 potions of curing {unknown}
 h - a potion of heal wounds {unknown}
Comestibles
 c - 4 rations


   Skills:
 + Level 3.5 Fighting
 - Level 1.7 Dodging
 * Level 5.5 Unarmed Combat
 + Level 3.4 Spellcasting
 + Level 3.7 Transmutations
 - Level 2.0 Ice Magic


You had 2 spell levels left.
You knew the following spells:

 Your Spells              Type           Power        Failure   Level  Hunger
a - Beastly Appendage     Tmut           ##....       4%          1    None
b - Sticks to Snakes      Tmut           ##......     6%          2    ##.....
c - Spider Form           Tmut/Pois      #.........   26%         3    ###....
d - Ice Form              Ice/Tmut       ##......     52%         4    ####...

Your spell library contained the following spells:

 Spells                   Type           Power        Failure   Level  Hunger
 Blade Hands              Tmut           ##........   75%         5    ######.


Dungeon Overview and Level Annotations

Branches:
Dungeon (4/15)
 Temple: D:4-7

Altars:
Zin

Shops:
D:2 *

Annotations:
D:4 Grinder


Innate Abilities, Weirdness & Mutations

((You can breathe waves of freezing cold.))
((You can buffet flying creatures when you breathe cold.))
((Your icy white scales are hard. (AC +6)))
You cannot fit into any form of body armour.
((Your flesh is cold resistant. (rC+)))
((You are cold-blooded and may be slowed by cold attacks.))


Message History

The worker ant bites you. Grinder hits you.
You writhe in agony.
* * * LOW HITPOINT WARNING * * *
The worker ant bites you but does no damage.
Grinder gestures at you.
You struggle to resist.
The worker ant bites you.
* * * LOW HITPOINT WARNING * * *
You can move again.
You punch the worker ant! You freeze the worker ant.
The worker ant is heavily wounded.
Grinder hits you!
* * * LOW HITPOINT WARNING * * *
You writhe in agony.
* * * LOW HITPOINT WARNING * * *
The worker ant misses you.
You barely miss the worker ant.
The worker ant is heavily wounded.
Grinder hits you.
* * * LOW HITPOINT WARNING * * *
You writhe in agony.
You die...

. ## #. ###.###.
####
.....##.###..
...>.......#
#...#...5Y#
#......##a#
##..#####.#
#....)....#
#...#####.......#
#...# ###.....#
### #...# .###.#
... #...# .
##.####...#### .#


You could see Grinder and a worker ant.

Vanquished Creatures
  Sigmund (D:4)
  A scorpion (D:4)
  A hound (D:4)
  2 orc priests (D:4)
  3 orc wizards
  Jessica (D:2)
  5 adders
  3 worms
  4 dart slugs
  2 leopard geckos
  10 orcs
  A ball python (D:2)
  3 giant cockroaches
  4 goblins (D:2)
  8 hobgoblins
  8 jackals
  9 bats
  3 frilled lizards
  9 kobolds
  10 rats
88 creatures vanquished.

Notes
Turn   | Place    | Note
-------+----------+-------------------------------------------
     0 | D:1      | kae the Draconian Transmuter began the quest for the Orb.
     0 | D:1      | Reached XP level 1. HP: 16/16 MP: 3/3
   102 | D:1      | Reached XP level 2. HP: 20/23 MP: 5/5
   250 | D:1      | Learned a level 2 spell: Sticks to Snakes
   816 | D:2      | Reached XP level 3. HP: 29/29 MP: 2/6
   844 | D:2      | Learned a level 3 spell: Spider Form
   887 | D:2      | Noticed Jessica
   905 | D:2      | Killed Jessica
  1098 | D:2      | Reached XP level 4. HP: 31/36 MP: 4/7
  1297 | D:2      | Reached skill level 4 in Unarmed Combat
  1362 | D:2      | Found Zin's Purification Station,
  1365 | D:2      | Found a glowing silver altar of Zin,
  2048 | D:3      | Reached XP level 5. HP: 40/42 MP: 3/9
  2681 | D:4      | Learned a level 4 spell: Ice Form
  2710 | D:4      | Reached XP level 6. HP: 26/51 MP: 4/10
  2912 | D:4      | Reached skill level 5 in Unarmed Combat
  3154 | D:4      | Noticed Sigmund
  3164 | D:4      | Killed Sigmund
  3164 | D:4      | Reached skill level 1 in Ice Magic
  3292 | D:4      | Noticed Grinder
  3296 | D:4      | Your scales start taking on an icy white colour.
  3296 | D:4      | Reached XP level 7. HP: 55/57 MP: 9/12
  3296 | D:4      | Gained mutation: Your flesh is cold resistant. (rC+) [White
                  | Draconian growth]
  3302 | D:4      | Paralysed by Grinder for 6 turns
  3316 | D:4      | Paralysed by Grinder for 6 turns
  3323 | D:4      | HP: 3/68 [Grinder (2)]
  3323 | D:4      | Slain by Grinder

Levels and vault maps discovered:
D:1:      zaba_arrival_water, layout_rooms, minmay_misc_feat_nine_boxes
D:2:      layout_loops_ring, zin_purify, uniq_jessica
D:3:      layout_loops_ring
D:4:      layout_loops_cross, makhleb_heckhound_becter, uniq_sigmund,
          uniq_grinder

Skill      XL: |  1  2  3  4  5  6  7 |
---------------+----------------------+-----
Fighting       | 2 3 |  3.5
Unarmed Combat | 4 5 |  5.5
Transmutations | 3 |  3.7
Spellcasting   | 3 |  3.4
Ice Magic      | 1 2 |  2.0
Dodging        | |  1.7

Action                   |  1- 3 |  4- 6 |  7- 9 || total
-------------------------+-------+-------+-------++-------
Melee: Unarmed           |    92 |   183 |     8 ||   283
       Tailslap          |     9 |     8 |       ||    17
       Punch             |     1 |       |       ||     1
       Kick              |     6 |     2 |       ||     8
       Headbutt          |     1 |     6 |       ||     7
 Cast: Beastly Appendage |    11 |     6 |       ||    17
       Sticks to Snakes  |     1 |       |       ||     1
       Spider Form       |     1 |    17 |       ||    18
       Ice Form          |       |       |     1 ||     1
  Use: Potion            |     1 |       |       ||     1
 Stab: Sleeping          |       |     1 |       ||     1
  Eat: Chunk             |     1 |     9 |       ||    10
Armor: Skin              |    22 |    36 |     3 ||    61
Dodge: Dodged            |    74 |   138 |     5 ||   217

Table legend:
 A = Non-vault XP
 B = Vault XP
 C = Vault XP percentage of total XP
 D = Non-vault monster count
 E = Vault monster count
 F = Vault count percentage of total count
                 A         B        C        D         E       F
            +---------+---------+-------+---------+---------+-------
      Total |     522 |     257 |  33.0 |      86 |       2 |   2.3
            +---------+---------+-------+---------+---------+-------
        D:1 |      39 |       0 |   0.0 |      21 |       0 |   0.0
        D:2 |      91 |      37 |  28.9 |      32 |       1 |   3.0
        D:3 |     105 |       0 |   0.0 |      18 |       0 |   0.0
        D:4 |     287 |     220 |  43.4 |      15 |       1 |   6.2
            +---------+---------+-------+---------+---------+-------
